 Dungeon Crawl Stone Soup version 0.30.1-9-gdf580d7c3d (webtiles) character file.

Game seed: 9000411898427370286

111 Mune the Chopper (level 4, 0/61 HPs)
             Began as a Minotaur Berserker on Oct 1, 2023.
             Was a Believer of Trog.
             Slain by an adder (3 damage)
             ... on level 3 of the Dungeon on Oct 7, 2023.
             The game lasted 00:03:13 (1687 turns).

Mune the Chopper (Minotaur Berserker)               Turns: 1687, Time: 00:03:14

Health: 0/61       AC:  8    Str: 24    XL:     4   Next: 62%
Magic:  3/3        EV: 10    Int:  4    God:    Trog [**....]
Gold:   84         SH:  0    Dex:  9    Spells: 3/3 levels left

rFire   . . .        a - +0 hand axe
rCold   . . .        (no shield)
rNeg    . . .        l - +0 scale mail
rPois   .            (helmet restricted)
rElec   .            c - +0 cloak
rCorr   .            h - +0 pair of gloves
SInv    .            (no boots)
Will    .....        (no amulet) Stlth
                     (no ring)
HPRegen 0.30/turn    (no ring)
MPRegen 0.08/turn

%: no passive effects
@: berserking, very quick
A: horns 2, retaliatory headbutt
a: Renounce Religion, Berserk, Trog's Hand


You were on level 3 of the Dungeon.
You worshipped Trog.
Trog was pleased with you.
You visited 1 branch of the dungeon, and saw 3 of its levels.

You collected 84 gold pieces.

Inventory:

Hand Weapons
 a - a +0 hand axe (weapon)
Armour
 b - a +0 animal skin
 c - a +0 cloak (worn)
 h - a +0 pair of gloves (worn)
 l - a +0 scale mail (worn)
Jewellery
 f - a ring of ice
 m - a ring of see invisible
Scrolls
 g - 4 scrolls of enchant weapon {unknown}
 j - a scroll of noise {unknown}
 k - a scroll of fog {unknown}
Potions
 d - 3 potions of curing {unknown}
 e - a potion of resistance {unknown}
 i - a potion of degeneration {unknown}


   Skills:
 + Level 4.7 Fighting
 * Level 5.8 Axes
 - Level 2.4 Armour
 - Level 2.1 Dodging


You had 3 spell levels left.
You didn't know any spells.
Your spell library was empty.

Dungeon Overview and Level Annotations

Branches:
Dungeon (3/15)

Altars:

Shops:
D:3 [


Innate Abilities, Weirdness & Mutations

You have a pair of horns on your head.
You reflexively headbutt those who attack you in melee.


Message History

You hit the gnoll. You hit the adder. You hit the gnoll.
The adder barely misses you. You furiously retaliate!
You headbutt the adder!
You kill the adder!
Trog accepts your kill. The gnoll closely misses you. You furiously retaliate!
You headbutt the gnoll!
You kill the gnoll!
Trog accepts your kill. The gnoll hits you but does no damage.
The gnoll misses you.
You feel sick. The gnoll hits you with a +0 halberd!
* * * LOW HITPOINT WARNING * * *
The gnoll barely misses you. The hobgoblin barely misses you.
You see here a +0 flail.
You barely miss the gnoll. x2; You slash the hobgoblin!
You kill the hobgoblin!
Trog accepts your kill.
You barely miss the gnoll. Your headbutt misses the gnoll.
The gnoll is moderately wounded.
You closely miss the gnoll.
You feel sick.
You are no longer poisoned.
The gnoll hits you with a +0 halberd.
* * * LOW HITPOINT WARNING * * *
The gnoll barely misses you.
You barely miss the gnoll.
The gnoll is moderately wounded.
You hit the gnoll. The gnoll hits you but does no damage.
The gnoll hits you with a +0 flail.
* * * LOW HITPOINT WARNING * * *
You hit the gnoll.
The gnoll is severely wounded.
You barely miss the gnoll. You slash the gnoll!
You kill the gnoll!
Trog accepts your kill.
You hit the gnoll. You closely miss the adder. You hit the dart slug.
The gnoll closely misses you. The adder bites you but does no damage.
You slash the gnoll!
You kill the gnoll!
Trog accepts your kill.
You closely miss the adder. You hit the dart slug. The adder bites you.
You die...

...............
...............
...............
...............
...............
..............$.
.........)S......
..........)@w......
.............†......
...............######
#................!#
#.................#
#.................#
..................#
..................#
..................#


You could see an adder and a dart slug.

Vanquished Creatures
  4 gnolls (D:3)
  2 adders
  2 worms
  2 dart slugs
  5 orcs (D:3)
  5 endoplasms
  3 goblins
  6 hobgoblins
  2 jackals (D:1)
  2 quokkas
  3 ball pythons (D:1)
  4 bats
  5 frilled lizards
  2 kobolds (D:1)
  3 rats
50 creatures vanquished.

Notes
Turn   | Place    | Note
-------+----------+-------------------------------------------
     0 | D:1      | Mune the Minotaur Berserker began the quest for the Orb.
     0 | D:1      | Reached XP level 1. HP: 19/19 MP: 0/0
   186 | D:1      | Reached skill level 4 in Axes
   274 | D:1      | Reached XP level 2. HP: 27/27 MP: 1/1
   779 | D:1      | Reached ** piety under Trog
   955 | D:2      | Found a faded altar of an unknown god.
  1010 | D:2      | Reached XP level 3. HP: 33/33 MP: 2/2
  1089 | D:2      | Reached skill level 5 in Axes
  1614 | D:3      | Reached XP level 4. HP: 41/41 MP: 3/3
  1669 | D:3      | Found Deikuro Lyme's Antique Armour Boutique.
  1683 | D:3      | HP: 3/61 [gnoll/+0 halberd (3)]
  1687 | D:3      | Slain by an adder

Illustrated notes

Levels and vault maps discovered:
D:1:      minmay_arrival_checkered_box, layout_loops_corners, minmay_cupped
D:2:      layout_basic, hellmonk_ecumenical_altar_zigzags
D:3:      layout_basic, grunt_temple_overflow_open,
          lemuel_coloured_pillars_altar, serial_shops,
          nicolae_shop_getting_attention, biasface_ghost_orc_armoury

Skill      XL: |  1  2  3 |
---------------+----------+-----
Axes           | 4 5 |  5.8
Fighting       | 4 |  4.7
Armour         | |  2.4
Dodging        | |  2.1

Action                     |  1- 3 |  4- 6 || total
---------------------------+-------+-------++-------
  Melee: Hand axe          |    72 |    10 ||    82
         Headbutt          |    10 |     3 ||    13
 Invoke: Berserk           |     1 |     1 ||     2
 Armour: Animal skin       |    21 |       ||    21
         Scale mail        |       |     5 ||     5
  Dodge: Dodged            |    36 |     8 ||    44
